AoeStats
← Your Mom

Arena

507333984Analyzed
2v2 RM · 15d ago on Sep 17, 2026· 47m 20s· 4 players
Game mode
Random Map
Map size
Medium (4 player)
Population
200
Speed
Normal
Resources
Standard
Victory
Conquest
Starting age
Dark Age
Ending age
Imperial Age
RankedLock teamsTeams togetherTeam positionsShared explorationLock speedFull tech treeHidden civsTurbo modeCheats
Victory
Defeat
🇩🇪 Franks · Germany
810
+13
🇮🇳 Khmer · India
785
+14
🇩🇪 Britons · Germany
793
-16
🇩🇪 Franks · Germany
681
-25
Your Mom
0:27 Loom
11:18 Feudal Age
11:48 Double-Bit Axe
21:59 Castle Age
22:14 Wheelbarrow
22:55 Bow Saw
23:03 Gold Mining
22:40 Pikeman
23:22 Squires
26:37 Forging
26:33 Scale Barding Armor
28:51 Fortified Wall
29:34 Gold Shaft Mining
31:34 Iron Casting
30:59 Scale Mail Armor
31:20 Chain Barding Armor
31:27 Chain Barding Armor
32:13 #83
37:18 Imperial Age
37:06 Husbandry
37:22 Cavalier
38:34 Conscription
38:15 Chivalry
39:00 Stone Mining
38:40 Capped Ram
40:59 Paladin
43:34 Plate Barding Armor
44:00 Blast Furnace
42:39 Halberdier
45:27 Elite Throwing Axeman
pussy noodles
12:02 Feudal Age
15:06 Castle Age
15:01 Double-Bit Axe
14:57 Horse Collar
15:19 Gold Mining
24:36 Fortified Wall
24:47 Ballistics
25:22 Stone Mining
25:54 Town Watch
28:54 Wheelbarrow
29:07 Stone Shaft Mining
29:07 Gold Shaft Mining
31:43 Imperial Age
30:17 Town Patrol
30:38 Loom
31:28 Wheelbarrow
33:41 Chemistry
33:07 Conscription
32:55 Heavy Plow
33:35 Forging
33:30 Scale Barding Armor
34:08 Hand Cart
34:56 Double Crossbow
34:17 Elite Ballista Elephant
35:46 Crop Rotation
35:28 Bow Saw
36:45 Iron Casting
36:31 Chain Barding Armor
36:50 Hoardings
36:13 Light Cavalry
37:03 Bloodlines
36:54 Husbandry
38:02 Ballistics
37:36 Capped Ram
39:32 Blast Furnace
39:07 Plate Barding Armor
37:59 Hussar
39:03 Siege Engineers
39:00 Murder Holes
39:46 Masonry
39:41 Siege Ram
Krarch
11:10 Feudal Age
16:30 Castle Age
16:22 Double-Bit Axe
17:17 Wheelbarrow
18:58 Fletching
19:09 Padded Archer Armor
19:21 Gold Mining
19:35 Horse Collar
20:21 Loom
21:10 Bodkin Arrow
22:47 Ballistics
26:44 Hand Cart
27:27 Murder Holes
29:49 Gold Shaft Mining
29:07 Stone Mining
29:35 Bow Saw
30:40 Masonry
31:22 Leather Archer Armor
35:59 Imperial Age
36:26 Fortified Wall
35:57 Treadmill Crane
38:15 Warwolf
38:53 Bracer
39:24 Ring Archer Armor
38:35 Elite Longbowman
39:19 Pikeman
40:00 Squires
43:08 Warwolf
43:44 Halberdier
Karl der Otter
10:07 Loom
12:02 Feudal Age
18:35 Castle Age
18:08 Double-Bit Axe
21:37 Husbandry
25:09 Scale Barding Armor
25:15 Forging
28:22 Chain Barding Armor
28:38 Iron Casting
34:09 Imperial Age
31:58 Gold Mining
35:17 Cavalier
37:29 Ballistics
38:02 Gold Shaft Mining
40:11 Paladin
47:05 Chivalry
Connection lost

Rejoining the realm…

Still unreachable

The connection could not be restored.

Session expired

The server has moved on; the page needs a fresh start.